Dernière mise à jour: 2025-12-07 16:11:59
% Time on Ice - COLORADO GLACIERCATS
Lines # - Real PCT - Wanted PCT - Time Play
Normal Forward
1 - 38% - 37% - 16:58
2 - 37% - 37% - 16:24
3 - 23% - 25% - 10:15
4 - 2% - 1% - 0:49
Normal Defense
1 - 39% - 38% - 17:11
2 - 36% - 36% - 16:10
3 - 23% - 21% - 10:00
4 - 2% - 5% - 1:05
PP Forward
1 - 65% - 57% - 3:49
2 - 35% - 43% - 2:01
PP Defense
1 - 55% - 60% - 3:11
2 - 45% - 40% - 2:39
PK Forward
1 - 53% - 50% - 5:10
2 - 47% - 50% - 4:34
PK Defense
1 - 44% - 50% - 4:19
2 - 56% - 50% - 5:25
PK3 Forward
1 - 0% - 50%
2 - 0% - 50%
PK3 Defense
1 - 0% - 50%
2 - 0% - 50%
44 Forward
1 - 0% - 50%
2 - 0% - 50%
44 Defense
1 - 0% - 50%
2 - 0% - 50%
Last Minute Offensive  - 0:00
Last Minute Defensive  - 0:00
Total
Forward - 60:00
Defense - 60:00
% Time on Ice - VICTORIA GLADIATORS
Lines # - Real PCT - Wanted PCT - Time Play
Normal Forward
1 - 36% - 36% - 16:11
2 - 34% - 33% - 15:15
3 - 23% - 24% - 10:13
4 - 6% - 7% - 2:47
Normal Defense
1 - 42% - 40% - 18:40
2 - 35% - 35% - 15:30
3 - 23% - 25% - 10:16
4 - 0% - 0% - 0:00
PP Forward
1 - 67% - 60% - 6:34
2 - 33% - 40% - 3:10
PP Defense
1 - 61% - 60% - 5:55
2 - 39% - 40% - 3:49
PK Forward
1 - 79% - 60% - 4:37
2 - 21% - 40% - 1:13
PK Defense
1 - 64% - 60% - 3:44
2 - 36% - 40% - 2:06
PK3 Forward
1 - 0% - 55%
2 - 0% - 45%
PK3 Defense
1 - 0% - 55%
2 - 0% - 45%
44 Forward
1 - 0% - 52%
2 - 0% - 48%
44 Defense
1 - 0% - 52%
2 - 0% - 48%
Last Minute Offensive  - 0:00
Last Minute Defensive  - 0:00
Total
Forward - 60:00
Defense - 60:00
Play-by-Play 1st period 0:01 of 1st period - Mark Scheifele wins face-off versus Leon Draisaitl in neutral zone. 0:18 of 1st period - Shot by Tomas Hertl. 0:18 of 1st period - Goal by Tomas Hertl - COLORADO GLACIERCATS : 1 - VICTORIA GLADIATORS : 0. 0:19 of 1st period - Sidney Crosby wins face-off versus Matt Duchene in neutral zone. 0:37 of 1st period - Shot by Jamie Benn. 0:37 of 1st period - Goal by Jamie Benn - COLORADO GLACIERCATS : 2 - VICTORIA GLADIATORS : 0. 0:38 of 1st period - Adam Lowry wins face-off versus Alexander Wennberg in neutral zone. 1:37 of 1st period - Devon Toews is hit by Adam Lowry and loses puck. 1:44 of 1st period - Shot by Leon Draisaitl. 1:44 of 1st period - Shot Misses the Net. 1:46 of 1st period - Shot by Tomas Hertl. 1:46 of 1st period - Stopped by Jake Oettinger with a rebound. 1:48 of 1st period - Shot by Leon Draisaitl. 1:48 of 1st period - Stopped by Jake Oettinger with a rebound. 1:56 of 1st period - Shot by Leon Draisaitl. 1:56 of 1st period - Shot Misses the Net. 2:07 of 1st period - Shot by Tomas Hertl. 2:07 of 1st period - Stopped by Jake Oettinger without a rebound. 2:08 of 1st period - Sidney Crosby wins face-off versus Mark Scheifele in VICTORIA GLADIATORS zone. 2:08 of 1st period - Minor Penalty to Victor Hedman for High sticking. 2:09 of 1st period - Lars Eller wins face-off versus Tage Thompson in VICTORIA GLADIATORS zone. 2:38 of 1st period - Shot by Sidney Crosby. 2:38 of 1st period - Shot Misses the Net. 2:40 of 1st period - Shot by Tage Thompson. 2:40 of 1st period - Shot Misses the Net. 3:08 of 1st period - Shot by Bryan Rust. 3:08 of 1st period - Stopped by Jake Oettinger without a rebound. 3:09 of 1st period - Adam Lowry wins face-off versus Bryan Rust in VICTORIA GLADIATORS zone. 4:12 of 1st period - Shot by David Pastrnak. 4:12 of 1st period - Shot Misses the Net. 4:20 of 1st period - Shot by Artemi Panarin. 4:20 of 1st period - Stopped by Andrei Vasilevskiy with a rebound. 5:01 of 1st period - Icing by Mario Ferraro. 5:02 of 1st period - Matt Duchene wins face-off versus Alexander Wennberg in COLORADO GLACIERCATS zone. 5:05 of 1st period - Shot by Matt Duchene. 5:05 of 1st period - Goal by Matt Duchene - COLORADO GLACIERCATS : 2 - VICTORIA GLADIATORS : 1. 5:06 of 1st period - Matt Duchene wins face-off versus Alexander Wennberg in neutral zone. 5:22 of 1st period - Icing by Dylan DeMelo. 5:23 of 1st period - Mikael Granlund wins face-off versus Sidney Crosby in VICTORIA GLADIATORS zone. 5:52 of 1st period - Shot by Matt Duchene. 5:52 of 1st period - Stopped by Andrei Vasilevskiy without a rebound. 5:53 of 1st period - Leon Draisaitl wins face-off versus David Pastrnak in COLORADO GLACIERCATS zone. 5:53 of 1st period - Leon Draisaitl is hit by Artemi Panarin. 6:21 of 1st period - David Pastrnak is hit by Devon Toews and loses puck. 6:25 of 1st period - Minor Penalty to Devon Toews for Tripping. 6:26 of 1st period - Nic Dowd wins face-off versus Matt Duchene in COLORADO GLACIERCATS zone. 6:26 of 1st period - Nic Dowd is hit by Matt Duchene. 7:02 of 1st period - Shot by Jan Rutta. 7:02 of 1st period - Stopped by Andrei Vasilevskiy without a rebound. 7:03 of 1st period - Mark Scheifele wins face-off versus Nic Dowd in COLORADO GLACIERCATS zone. 7:18 of 1st period - Shot by Artemi Panarin. 7:18 of 1st period - Stopped by Andrei Vasilevskiy without a rebound. 7:19 of 1st period - Mark Scheifele wins face-off versus Nic Dowd in COLORADO GLACIERCATS zone. 7:52 of 1st period - Shot by Mark Scheifele. 7:52 of 1st period - Shot Misses the Net. 9:15 of 1st period - Icing by Devon Toews. 9:16 of 1st period - Leon Draisaitl wins face-off versus Adam Lowry in COLORADO GLACIERCATS zone. 10:11 of 1st period - Shot by Sidney Crosby. 10:11 of 1st period - Stopped by Jake Oettinger without a rebound. 10:12 of 1st period - Jonathan Audy-Marchessault wins face-off versus Alexander Wennberg in VICTORIA GLADIATORS zone. 10:47 of 1st period - Nic Dowd is hit by Matt Duchene and loses puck. 11:01 of 1st period - Icing by Mikael Granlund. 11:02 of 1st period - Leon Draisaitl wins face-off versus Matt Duchene in VICTORIA GLADIATORS zone. 11:22 of 1st period - Icing by Vince Dunn. 11:23 of 1st period - Tomas Hertl wins face-off versus Mark Scheifele in COLORADO GLACIERCATS zone. 11:23 of 1st period - Tomas Hertl is hit by Mark Scheifele. 11:29 of 1st period - Leon Draisaitl is hit by Mark Scheifele and loses puck. 11:42 of 1st period - Shot by Artemi Panarin. 11:42 of 1st period - Stopped by Andrei Vasilevskiy with a rebound. 11:48 of 1st period - Shot by Mark Scheifele. 11:48 of 1st period - Deflect By David Pastrnak. 11:48 of 1st period - Shot Misses the Net. 11:50 of 1st period - Shot by Mark Scheifele. 11:50 of 1st period - Stopped by Andrei Vasilevskiy with a rebound. 11:52 of 1st period - Shot by Mark Scheifele. 11:52 of 1st period - Goal by Mark Scheifele - COLORADO GLACIERCATS : 2 - VICTORIA GLADIATORS : 2. 11:53 of 1st period - Adam Lowry wins face-off versus Sidney Crosby in neutral zone. 11:58 of 1st period - Shot by Phillip Danault. 11:58 of 1st period - Shot Misses the Net. 12:16 of 1st period - Shot by Tage Thompson. 12:16 of 1st period - Shot Misses the Net. 12:32 of 1st period - Shot by Tage Thompson. 12:32 of 1st period - Shot Blocked by Adam Lowry. 13:11 of 1st period - Icing by Victor Hedman. 13:12 of 1st period - Leon Draisaitl wins face-off versus Mark Scheifele in VICTORIA GLADIATORS zone. 13:13 of 1st period - Shot by Bryan Rust. 13:13 of 1st period - Stopped by Jake Oettinger with a rebound. 13:18 of 1st period - Icing by Mark Scheifele. 13:19 of 1st period - Mark Scheifele wins face-off versus Bryan Rust in VICTORIA GLADIATORS zone. 13:21 of 1st period - Icing by Victor Hedman. 13:22 of 1st period - Mark Scheifele wins face-off versus Leon Draisaitl in VICTORIA GLADIATORS zone. 13:51 of 1st period - Shot by Bryan Rust. 13:51 of 1st period - Stopped by Jake Oettinger without a rebound. 13:52 of 1st period - Matt Duchene wins face-off versus Alexander Wennberg in VICTORIA GLADIATORS zone. 14:06 of 1st period - Mikael Granlund is hit by Vince Dunn and loses puck. 14:54 of 1st period - Off-side. 14:55 of 1st period - Mark Scheifele wins face-off versus Leon Draisaitl in neutral zone. 15:03 of 1st period - Shot by Bryan Rust. 15:03 of 1st period - Stopped by Jake Oettinger without a rebound. 15:04 of 1st period - Sidney Crosby wins face-off versus Mark Scheifele in VICTORIA GLADIATORS zone. 15:05 of 1st period - Shot by Jamie Benn. 15:05 of 1st period - Stopped by Jake Oettinger without a rebound. 15:06 of 1st period - Mark Scheifele wins face-off versus Sidney Crosby in VICTORIA GLADIATORS zone. 15:06 of 1st period - Mark Scheifele is hit by Sidney Crosby. 15:40 of 1st period - Shot by Tage Thompson. 15:40 of 1st period - Shot Misses the Net. 15:42 of 1st period - Shot by Sidney Crosby. 15:42 of 1st period - Shot Misses the Net. 15:44 of 1st period - Shot by Erik Karlsson. 15:44 of 1st period - Stopped by Jake Oettinger without a rebound. 15:45 of 1st period - Jonathan Audy-Marchessault wins face-off versus Leon Draisaitl in VICTORIA GLADIATORS zone. 15:55 of 1st period - Minor Penalty to Jonathan Audy-Marchessault for Interference. 15:56 of 1st period - Leon Draisaitl wins face-off versus Adam Lowry in VICTORIA GLADIATORS zone. 16:17 of 1st period - Shot by Tomas Hertl. 16:17 of 1st period - Goal by Tomas Hertl - COLORADO GLACIERCATS : 3 - VICTORIA GLADIATORS : 2. 16:18 of 1st period - Matt Duchene wins face-off versus Alexander Wennberg in neutral zone. 16:36 of 1st period - Shot by Nic Dowd. 16:36 of 1st period - Stopped by Jake Oettinger with a rebound. 17:56 of 1st period - Icing by Victor Hedman. 17:57 of 1st period - Mark Scheifele wins face-off versus Leon Draisaitl in VICTORIA GLADIATORS zone. 18:02 of 1st period - Shot by Tomas Hertl. 18:02 of 1st period - Shot Misses the Net. 18:29 of 1st period - Icing by Mark Scheifele. 18:30 of 1st period - Alexander Wennberg wins face-off versus Mark Scheifele in VICTORIA GLADIATORS zone. 18:54 of 1st period - Minor Penalty to Nic Dowd for Tripping. 18:55 of 1st period - Sidney Crosby wins face-off versus Matt Duchene in COLORADO GLACIERCATS zone. 19:32 of 1st period - Shot by Jonathan Audy-Marchessault. 19:32 of 1st period - Shot Misses the Net. Goals for this period are 3 for COLORADO GLACIERCATS vs 2 for VICTORIA GLADIATORS. Shots for this period are 14 for COLORADO GLACIERCATS vs 8 for VICTORIA GLADIATORS. 2nd period 0:01 of 2nd period - Mark Scheifele wins face-off versus Alexander Wennberg in neutral zone. 0:04 of 2nd period - Alexander Wennberg is hit by Mark Scheifele. 1:00 of 2nd period - Shot by Leon Draisaitl. 1:00 of 2nd period - Shot Misses the Net. 1:50 of 2nd period - Icing by Lars Eller. 1:51 of 2nd period - Lars Eller wins face-off versus Sidney Crosby in VICTORIA GLADIATORS zone. 1:51 of 2nd period - Lars Eller is hit by Tage Thompson. 2:09 of 2nd period - Shot by Adam Lowry. 2:09 of 2nd period - Shot Blocked by Jamie Benn. 2:14 of 2nd period - Icing by Sidney Crosby. 2:15 of 2nd period - Jonathan Audy-Marchessault wins face-off versus Sidney Crosby in COLORADO GLACIERCATS zone. 2:29 of 2nd period - Icing by Victor Hedman. 2:30 of 2nd period - Matt Duchene wins face-off versus Leon Draisaitl in VICTORIA GLADIATORS zone. 2:30 of 2nd period - Matt Duchene is hit by Bryan Rust. 2:35 of 2nd period - Off-side. 2:36 of 2nd period - Leon Draisaitl wins face-off versus Mark Scheifele in neutral zone. 2:49 of 2nd period - Bryan Rust is hit by Brayden McNabb. 2:55 of 2nd period - Shot by Bryan Rust. 2:55 of 2nd period - Stopped by Jake Oettinger without a rebound. 2:56 of 2nd period - Matt Duchene wins face-off versus Sidney Crosby in VICTORIA GLADIATORS zone. 4:07 of 2nd period - Shot by Artemi Panarin. 4:07 of 2nd period - Shot Misses the Net. 4:30 of 2nd period - Icing by Erik Karlsson. 4:31 of 2nd period - Adam Lowry wins face-off versus Sidney Crosby in COLORADO GLACIERCATS zone. 5:06 of 2nd period - Shot by Phillip Danault. 5:06 of 2nd period - Stopped by Andrei Vasilevskiy without a rebound. 5:07 of 2nd period - Matt Duchene wins face-off versus Leon Draisaitl in COLORADO GLACIERCATS zone. 5:17 of 2nd period - Minor Penalty to Vince Dunn for High sticking. 5:18 of 2nd period - Mark Scheifele wins face-off versus Alexander Wennberg in COLORADO GLACIERCATS zone. 5:29 of 2nd period - Shot by Mark Scheifele. 5:29 of 2nd period - Stopped by Andrei Vasilevskiy without a rebound. 5:30 of 2nd period - Alexander Wennberg wins face-off versus Mark Scheifele in COLORADO GLACIERCATS zone. 5:49 of 2nd period - Shot by Mark Scheifele. 5:49 of 2nd period - Shot Misses the Net. 5:51 of 2nd period - Shot by Mark Scheifele. 5:51 of 2nd period - Deflect By Artemi Panarin. 5:51 of 2nd period - Shot Misses the Net. 6:05 of 2nd period - Shot by David Pastrnak. 6:05 of 2nd period - Stopped by Andrei Vasilevskiy without a rebound. 6:06 of 2nd period - Alexander Wennberg wins face-off versus Matt Duchene in COLORADO GLACIERCATS zone. 6:25 of 2nd period - Shot by Jonathan Audy-Marchessault. 6:25 of 2nd period - Shot Blocked by Jamie Oleksiak. 6:27 of 2nd period - Shot by Cam Fowler. 6:27 of 2nd period - Shot Blocked by Erik Karlsson. 6:29 of 2nd period - Shot by Jan Rutta. 6:29 of 2nd period - Shot Blocked by Erik Karlsson. 6:31 of 2nd period - Shot by Cam Fowler. 6:31 of 2nd period - Stopped by Andrei Vasilevskiy without a rebound. 6:32 of 2nd period - Mark Scheifele wins face-off versus Alexander Wennberg in COLORADO GLACIERCATS zone. 6:33 of 2nd period - Shot by Victor Hedman. 6:33 of 2nd period - Shot Misses the Net. 6:37 of 2nd period - Shot by Mark Scheifele. 6:37 of 2nd period - Goal by Mark Scheifele - COLORADO GLACIERCATS : 3 - VICTORIA GLADIATORS : 3. 6:38 of 2nd period - Leon Draisaitl wins face-off versus Mark Scheifele in neutral zone. 6:53 of 2nd period - Shot by Bryan Rust. 6:53 of 2nd period - Stopped by Jake Oettinger without a rebound. 6:54 of 2nd period - Matt Duchene wins face-off versus Alexander Wennberg in VICTORIA GLADIATORS zone. 7:11 of 2nd period - Off-side. 7:12 of 2nd period - David Pastrnak wins face-off versus Leon Draisaitl in neutral zone. 7:15 of 2nd period - Vince Dunn is hit by Mark Scheifele and loses puck. 7:45 of 2nd period - Shot by Mark Scheifele. 7:45 of 2nd period - Shot Misses the Net. 7:47 of 2nd period - Shot by Brayden McNabb. 7:47 of 2nd period - Stopped by Andrei Vasilevskiy without a rebound. 7:48 of 2nd period - Sidney Crosby wins face-off versus Matt Duchene in COLORADO GLACIERCATS zone. 8:05 of 2nd period - Shot by Sidney Crosby. 8:05 of 2nd period - Shot Blocked by Cam Fowler. 8:28 of 2nd period - Shot by Erik Karlsson. 8:28 of 2nd period - Stopped by Jake Oettinger without a rebound. 8:29 of 2nd period - Leon Draisaitl wins face-off versus Adam Lowry in VICTORIA GLADIATORS zone. 8:30 of 2nd period - Shot by Bryan Rust. 8:30 of 2nd period - Stopped by Jake Oettinger without a rebound. 8:31 of 2nd period - Tomas Hertl wins face-off versus Adam Lowry in VICTORIA GLADIATORS zone. 8:36 of 2nd period - Shot by Bryan Rust. 8:36 of 2nd period - Shot Blocked by Brayden McNabb. 8:38 of 2nd period - Shot by Tomas Hertl. 8:38 of 2nd period - Stopped by Jake Oettinger without a rebound. 8:39 of 2nd period - Leon Draisaitl wins face-off versus Adam Lowry in VICTORIA GLADIATORS zone. 8:50 of 2nd period - Shot by Bryan Rust. 8:50 of 2nd period - Shot Misses the Net. 8:52 of 2nd period - Shot by Bryan Rust. 8:52 of 2nd period - Deflect By Leon Draisaitl. 8:52 of 2nd period - Shot Misses the Net. 8:54 of 2nd period - Shot by Bryan Rust. 8:54 of 2nd period - Stopped by Jake Oettinger without a rebound. 8:55 of 2nd period - Matt Duchene wins face-off versus Alexander Wennberg in VICTORIA GLADIATORS zone. 9:06 of 2nd period - Shot by Victor Hedman. 9:06 of 2nd period - Stopped by Andrei Vasilevskiy without a rebound. 9:07 of 2nd period - Mark Scheifele wins face-off versus Leon Draisaitl in COLORADO GLACIERCATS zone. 9:34